 Dungeon Crawl Stone Soup version 0.31.0-9-g3a7656b989 (webtiles) character file.

Game seed: 4757917736367717575

37 qw the Shooter (level 3, -1/20 HPs)
             Began as a Deep Elf Hunter on Feb 2, 2024.
             Slain by Terence
             ... wielding a +0 mace
              (3 damage)
             ... on level 2 of the Dungeon.
             The game lasted 00:00:03 (573 turns).

qw the Shooter (Deep Elf Hunter)                     Turns: 573, Time: 00:00:03

Health: -1/20      AC:  3    Str: 10    XL:     3   Next: 21%
Magic:  5/5        EV: 12    Int: 13    God:
Gold:   79         SH:  0    Dex: 18    Spells: 2/2 levels left

rFire   . . .        a - +1 shortbow
rCold   . . .        (shield currently unavailable)
rNeg    . . .        c - +0 leather armour
rPois   .            (no helmet)
rElec   .            (no cloak)
rCorr   .            (no gloves)
SInv    .            (no boots)
Will    .....        (no amulet)
Stlth   ++           (no ring)
HPRegen 0.23/turn    (no ring)
MPRegen 0.09/turn

%: no passive effects
@: lethally poisoned (-1 -> -3)
A: no striking features
a: no special abilities


You were on level 2 of the Dungeon.
You visited 1 branch of the dungeon, and saw 2 of its levels.

You collected 79 gold pieces.


   Skills:
 - Level 1.5 Fighting
 + Level 6.8 Ranged Weapons
 - Level 2.4 Dodging
 - Level 1.2 Stealth


You had 2 spell levels left.
You didn't know any spells.
Your spell library was empty.

Inventory:

Hand Weapons
 a - a +1 shortbow (weapon)
Armour
 b - a scarf of shadows
 c - a +0 leather armour (worn)
Jewellery
 d - a +4 ring of protection
Potions
 i - a potion of curing

Dungeon Overview and Level Annotations

Branches:
Dungeon (2/15)

Altars:

Shops:
D:1 !

Annotations:
D:2 Terence


Message History

You shoot an arrow. The arrow hits the adder.
The adder is severely wounded.
You shoot an arrow. The arrow closely misses the adder.
The arrow barely misses Terence.
The adder bites you but does no damage.
You shoot an arrow. The arrow completely misses the adder.
The arrow hits Terence but does no damage.
The adder bites you.
You are poisoned.
The adder poisons you!
You shoot an arrow. The arrow closely misses the adder.
The arrow hits Terence but does no damage.
You feel sick. The adder bites you but does no damage. The adder bites you.
You are lethally poisoned!
The adder poisons you!
You shoot an arrow. The arrow closely misses the adder.
You feel very sick. Terence hits you with a +0 mace.
The adder bites you but does no damage.
You shoot an arrow. The arrow hits the adder.
You kill the adder!
You feel sick. Terence misses you.
You have reached level 3!
Your experience leads to an increase in your attributes!
Increase (S)trength, (I)ntelligence, or (D)exterity?
You feel stronger. x2
569 ||| DRINKING potion of heal wounds.
You feel much better.
You feel sick. Terence hits you with a +0 mace.
You shoot an arrow. The arrow closely misses Terence.
You feel sick. Terence hits you with a +0 mace.
You shoot an arrow. The arrow hits Terence.
Terence is moderately wounded.
You feel sick. Terence hits you with a +0 mace. x2
You shoot an arrow.
The arrow hits Terence but does no damage.
Terence is moderately wounded.
You feel sick. Terence hits you with a +0 mace.
You shoot an arrow. The arrow closely misses Terence.
You feel sick. Terence hits you with a +0 mace.
You die...
Terence says, "Rest in peace."

........# ........#
........# ........###
..........## #
...........###########.#
..............##.$.....#
.#######.#..............
.....# #^.....##@......#
.....#####.#####%@.....#
.......###.### #.......#
######........ #.......#
##.......##. #.......#
#...###### #.......#
#...#.# #.......#
#.....# .....####
#...#.#


You could see Terence.

Vanquished Creatures
  An adder (D:2)
  3 bats (D:1)
  An endoplasm (D:1)
  A giant cockroach (D:1)
  4 goblins (D:1)
  4 hobgoblins
  2 jackals (D:1)
  2 kobolds (D:1)
  2 quokkas (D:1)
  2 ball pythons (D:1)
  A frilled lizard (D:1)
  4 rats
27 creatures vanquished.

Notes
Turn   | Place    | Note
-------+----------+-------------------------------------------
     0 | D:1      | qw the Deep Elf Hunter began the quest for the Orb.
     0 | D:1      | Reached XP level 1. HP: 12/12 MP: 3/3
     0 | D:1      | 0 ||| qw: Version: 0.3-a-155-g5e7d8dd
     0 | D:1      | 0 ||| qw: Game counter: 1447
     0 | D:1      | 0 ||| qw: Melee chars always use a shield: true
     0 | D:1      | 0 ||| qw: God list: Okawaru
     0 | D:1      | 0 ||| qw: Allow faded altars: false
     0 | D:1      | 0 ||| qw: Do Orc after clearing Dungeon:15 true
     0 | D:1      | 0 ||| qw: Do second Lair branch before Depths: true
     0 | D:1      | 0 ||| qw: Lair rune preference: random
     0 | D:1      | 0 ||| qw: Goals: Normal
     0 | D:1      | 0 ||| PLANNING D:1-11
    86 | D:1      | Reached XP level 2. HP: 16/16 MP: 4/4
   108 | D:1      | Reached skill level 6 in Ranged Weapons
   133 | D:1      | Found Seoklij's Distillery.
   145 | D:1      | 145 ||| SHOPLISTING potion of curing (33 gold, have 8).
   145 | D:1      | 145 ||| SHOPLISTING potion of enlightenment (55 gold, have
                  | 8).
   145 | D:1      | 145 ||| SHOPLISTING potion of haste (110 gold, have 8).
   145 | D:1      | 145 ||| SHOPLISTING potion of heal wounds (55 gold, have
                  | 8).
   437 | D:1      | 437 ||| READING 2 scrolls labelled UVEHAO ONOCSOI.
   438 | D:1      | 438 ||| READING 2 scrolls labelled KECZUE SYIT.
   438 | D:1      | 438 ||| IDENTIFYING grey potion
   439 | D:1      | 439 ||| READING scroll of identify.
   439 | D:1      | 439 ||| IDENTIFYING ruby potion
   440 | D:1      | 440 ||| READING scroll labelled BARADGHEEBB.
   440 | D:1      | 440 ||| ENCHANTING +0 shortbow.
   441 | D:1      | 441 ||| READING scroll labelled YCRYOB ZESU.
   442 | D:1      | 442 ||| DROPPING scroll of butterflies.
   443 | D:1      | 443 ||| DROPPING scroll of fog.
   561 | D:2      | Noticed Terence
   568 | D:2      | HP: 4/16 [poisoned by an adder]
   569 | D:2      | Reached XP level 3. HP: 5/20 MP: 5/5
   569 | D:2      | 569 ||| DRINKING potion of heal wounds.
   573 | D:2      | HP: 2/20 [poisoned by an adder]
   573 | D:2      | Slain by Terence

Levels and vault maps discovered:
D:1:      lemuel_arrival_rhombus, layout_rooms, serial_shops, shop
D:2:      layout_basic, serial_shops, shop, uniq_terence

Skill      XL: |  1  2 |
---------------+-------+-----
Ranged Weapons | 6 |  6.8
Fighting       | |  1.5
Dodging        | |  2.4
Stealth        | |  1.2

Action                     || total
---------------------------++-------
   Fire: Shortbow          ||    87
    Use: Scroll            ||     5
         Potion            ||     1
 Armour: Leather armour    ||    21
  Dodge: Dodged            ||    24

Table legend:
 A = Non-vault XP
 B = Vault XP
 C = Vault XP percentage of total XP
 D = Non-vault monster count
 E = Vault monster count
 F = Vault count percentage of total count
                 A         B        C        D         E       F
            +---------+---------+-------+---------+---------+-------
      Total |      53 |       0 |   0.0 |      27 |       0 |   0.0
            +---------+---------+-------+---------+---------+-------
        D:1 |      36 |       0 |   0.0 |      23 |       0 |   0.0
        D:2 |      17 |       0 |   0.0 |       4 |       0 |   0.0
            +---------+---------+-------+---------+---------+-------
